 Dungeon Crawl Stone Soup version 0.31-a0-37-g98a128e1d9 (webtiles) character file.

Game seed: 10018696470191191143

37 frimble the Slasher (level 3, -3/26 (31) HPs)
             Began as a Gnoll Reaver on May 16, 2023.
             Slain by an orc
             ... wielding a +0 whip
              (8 damage)
             ... on level 2 of the Dungeon.
             The game lasted 00:01:23 (949 turns).

frimble the Slasher (Gnoll Reaver)                   Turns: 949, Time: 00:01:24

HP:   -3/26 (31)    AC:  3    Str: 11    XL:     3   Next: 41%
MP:   5/9           EV: 12    Int: 14    God:
Gold: 58            SH:  0    Dex: 10    Spells: 3/12 levels left

rFire   . . .        a - +0 falchion
rCold   . . .        (no shield)
rNeg    . . .        b - +0 leather armour
rPois   .            (no helmet)
rElec   .            (no cloak)
rCorr   .            (no gloves)
SInv    .            (no boots)
Will    .....        (no amulet)
Stlth   +            (no ring)
HPRegen 0.24/turn    (no ring)
MPRegen 0.11/turn

%: no passive effects
@: confused, freezing walls, heavily drained
A: fangs 1, strong nose, distributed training
a: no special abilities


You were on level 2 of the Dungeon.
You visited 1 branch of the dungeon, and saw 2 of its levels.

You collected 58 gold pieces.

Inventory:

Hand Weapons
 a - a +0 falchion (weapon)
Missiles
 l - a throwing net
Armour
 b - a +0 leather armour (worn)
Jewellery
 d - a ring of flight
Scrolls
 c - a scroll of enchant armour {unknown}
 f - 2 scrolls of enchant weapon {unknown}
 g - 2 scrolls of fear {unknown}
 h - 2 scrolls of identify {unknown}
 k - a scroll of magic mapping {unknown}
 n - a scroll of noise {unknown}
Potions
 e - a potion of might {unknown}
 i - a potion of invisibility {unknown}
 j - a potion of heal wounds {unknown}
 m - a potion of curing {unknown}


   Skills:
 + Level 4.5 Fighting
 + Level 0.8 Short Blades
 + Level 6.5 Long Blades
 + Level 0.8 Axes
 + Level 0.8 Maces & Flails
 + Level 0.8 Polearms
 + Level 0.8 Staves
 + Level 0.8 Ranged Weapons
 + Level 0.8 Throwing
 + Level 0.8 Armour
 + Level 4.5 Dodging
 + Level 0.8 Stealth
 + Level 0.8 Shields
 + Level 0.8 Unarmed Combat
 + Level 5.0 Spellcasting
 + Level 5.4 Conjurations
 + Level 0.5 Hexes
 + Level 0.5 Summonings
 + Level 0.5 Necromancy
 + Level 0.5 Translocations
 + Level 0.5 Transmutations
 + Level 0.5 Fire Magic
 + Level 0.5 Ice Magic
 + Level 0.5 Air Magic
 + Level 0.5 Earth Magic
 + Level 0.5 Poison Magic
 + Level 1.0 Invocations
 + Level 0.8 Evocations


You had 3 spell levels left.
You knew the following spells:

 Your Spells              Type           Power      Damage    Failure   Level
a - Kiss of Death         Conj/Necr      44%        2d8       7%          1
b - Passwall              Tmut/Erth      4%         N/A       26%         2
c - Stone Arrow           Conj/Erth      22%        3d8       21%         3
d - Frozen Ramparts       Ice            10%        1d2       47%         3

Your spell library contained the following spells:

 Spells                   Type           Power      Damage    Failure   Level
 Momentum Strike          Conj/Tloc      22%        3d8       10%         2
 Freeze                   Ice            20%        1d4       19%         1
 Sandblast                Erth           10%        2d5       19%         1
 Hailstorm                Conj/Ice       11%        3d5       21%         3
 Ice Form                 Ice/Tmut       5%         N/A       87%         4
 Summon Ice Beast         Ice/Summ       5%         N/A       87%         4


Dungeon Overview and Level Annotations

Branches:
Dungeon (2/15)

Altars:


Innate Abilities, Weirdness & Mutations

You have very sharp teeth.
Your uncanny sense of smell can sniff out nearby items.
Your experience applies equally to all skills.


Message History

The wall freezes the orc priest but does no damage.
The orc throws a stone.
The stone hits you.
You closely miss the orc priest.
You bite the orc priest, but do no damage.
You hear some strange, mumbled words.
Something tries to affect you, but you resist.
The wall freezes the orc but does no damage.
The orc priest invokes the aid of Beogh against you.
Beogh smites you!
The wall freezes the orc.
Okay, then.
Okay, then.
Unknown command.
Aiming: Kiss of Death (safe; 7% risk of failure)
Press: ? - help, Q - select action, (/) - cycle Shift-Dir - straight line, f - orc priest
Aim: an orc priest, wielding a +0 club and wearing a +0 leather armour (100% to hit)
The negative energy hits the orc priest!
The orc priest is drained!
The orc priest is heavily wounded.
You feel drained. Something hits you.
The wall freezes the orc.
The wall freezes the orc but does no damage.
You hit the orc priest.
The orc priest is almost dead.
The wall freezes the orc.
You hit the orc priest but do no damage.
Your bite misses the orc priest.
The orc priest is almost dead.
The orc closely misses you. The orc priest hits you with a +0 club.
The wall freezes the orc but does no damage.
You closely miss the orc priest.
The orc priest is almost dead.
The wall freezes something.
You hear some strange, mumbled words.
You are confused.
The orc hits you with a +0 short sword.
* * * LOW HITPOINT WARNING * * *
The orc priest closely misses you.
The wall freezes the orc but does no damage.
The orc hits you with a +0 whip!
You die...

#.####.##.##.#
#......##.##.#
######.......##
####.....### . ######
#......<# .. .....#
#.###.#.#####...
.....####....)..........
........#..#...ooo......
.....##.#..#....@.o..(..
.....##.........#####...
#########.......# .
##.#...## ### #.....#
..# ###.###
#.##########.#
#............# ∆
#..###########


You could see an orc priest (very drained) and 3 orcs.

Vanquished Creatures
  A dart slug (D:1)
  2 endoplasms (D:1)
  A giant cockroach (D:1)
  10 goblins
  A hobgoblin (D:2)
  4 kobolds
  A quokka (D:1)
  6 ball pythons
  A bat (D:1)
  2 frilled lizards
  A rat (D:2)
30 creatures vanquished.

Notes
Turn   | Place    | Note
-------+----------+-------------------------------------------
     0 | D:1      | frimble the Gnoll Reaver began the quest for the Orb.
     0 | D:1      | Reached XP level 1. HP: 20/20 MP: 6/6
    84 | D:1      | Reached XP level 2. HP: 26/26 MP: 7/7
   508 | D:1      | Reached skill level 5 in Spellcasting
   508 | D:1      | Reached XP level 3. HP: 29/31 MP: 7/9
   518 | D:1      | Learned a level 2 spell: Passwall
   522 | D:1      | Learned a level 3 spell: Stone Arrow
   526 | D:1      | Learned a level 3 spell: Frozen Ramparts
   814 | D:2      | Reached skill level 1 in Invocations
   949 | D:2      | Slain by an orc

Illustrated notes

Levels and vault maps discovered:
D:1:      nzn_arrival_crosshair, layout_basic
D:2:      layout_loops_cross

Skill      XL: |  1  2  3 |
---------------+----------+-----
Spellcasting   | 5 |  5.0
Invocations    | 1 |  1.0
Fighting       | |  4.5
Short Blades   | |  0.8
Long Blades    | |  6.5
Axes           | |  0.8
Maces & Flails | |  0.8
Polearms       | |  0.8
Staves         | |  0.8
Ranged Weapons | |  0.8
Throwing       | |  0.8
Armour         | |  0.8
Dodging        | |  4.5
Stealth        | |  0.8
Shields        | |  0.8
Unarmed Combat | |  0.8
Conjurations   | |  5.4
Hexes          | |  0.5
Summonings     | |  0.5
Necromancy     | |  0.5
Translocations | |  0.5
Transmutations | |  0.5
Fire Magic     | |  0.5
Ice Magic      | |  0.5
Air Magic      | |  0.5
Earth Magic    | |  0.5
Poison Magic   | |  0.5
Evocations     | |  0.8

Action                     || total
---------------------------++-------
  Melee: Falchion          ||    90
         Bite              ||     8
   Cast: Frozen Ramparts   ||     1
         Kiss of Death     ||     1
   Stab: Sleeping          ||     1
 Armour: Leather armour    ||    18
  Dodge: Dodged            ||    47

Table legend: (Time is in decaauts)
 A = Elapsed time spent in this place.
 B = Non-inter-level travel time spent in this place.
 C = Inter-level travel time spent in this place.
 D = Time resting spent in this place.
 E = Time spent auto-exploring this place.
 F = Levels seen in this place.
 G = Mean time per level.
                   A        B        C        D        E       F      G
               +--------+--------+--------+--------+--------+-----+--------+
         Total |    946 |    940 |      6 |      0 |    738 |   2 |  473.0 |
       Dungeon |    946 |    940 |      6 |      0 |    738 |   2 |  473.0 |
               +--------+--------+--------+--------+--------+-----+--------+

Top non-repeatable levels by time:
     D:1: 804 daAuts
     D:2: 142 daAuts
